 Dungeon Sprint DCSS version 0.29.1-12-g30fa7ad0bf (webtiles) character file.

Game seed: 5727619171470065705

443 xzight the Magician (level 7, -5/60 HPs)
             Began as a Gnoll Warper on Dec 29, 2022.
             Was a Follower of Cheibriados.
             Slain by a toenail golem (7 damage)
             ... in the Dungeon (Sprint V: "Ziggurat Sprint").
             The game lasted 00:02:57 (183 turns).

xzight the Magician (Gnoll Warper)                   Turns: 183, Time: 00:02:58

Health: -5/60      AC:  3    Str: 13    XL:     7   Next: 2%
Magic:  15/17      EV: 13    Int: 17    God:    Cheibriados [*.....]
Gold:   0          SH: 13    Dex: 15    Spells: 18/20 levels left

rFire   . . .      SeeInvis .   a - +0 spear
rCold   . . .      Faith    .   x - +3 kite shield
rNeg    . . .      Spirit   .   b - +0 leather armour
rPois   .          Reflect  .   (no helmet)
rElec   .          Harm     .   (no cloak)
rCorr   .          Rampage  .   (no gloves)
Will    .....      NoTele   +   (no boots)
Stlth   +++.......              (no amulet)
HPRegen 0.20/turn               (no ring)
MPRegen 0.15/turn               (no ring)

@: very slow
A: fangs 1, strong nose, distributed training
a: Renounce Religion, Bend Time


You were in the Dungeon.
You worshipped Cheibriados.
Cheibriados was aware of your devotion.
You visited 1 branch


Innate Abilities, Weirdness & Mutations

You have very sharp teeth.
Your uncanny sense of smell can sniff out nearby items.
Your experience applies equally to all skills.


   Skills:
 + Level 7.2 Fighting
 + Level 5.4 Short Blades
 + Level 5.4 Long Blades
 + Level 5.4 Axes
 + Level 5.4 Maces & Flails
 + Level 7.2 Polearms
 + Level 5.4 Staves
 + Level 5.4 Ranged Weapons
 + Level 6.1 Throwing
 + Level 6.1 Armour
 + Level 7.2 Dodging
 + Level 5.4 Stealth
 + Level 5.4 Shields
 + Level 5.4 Unarmed Combat
 + Level 7.4 Spellcasting
 + Level 4.4 Conjurations
 + Level 4.4 Hexes
 + Level 4.4 Summonings
 + Level 4.4 Necromancy
 + Level 7.1 Translocations
 + Level 4.4 Transmutations
 + Level 4.4 Fire Magic
 + Level 4.4 Ice Magic
 + Level 4.4 Air Magic
 + Level 4.4 Earth Magic
 + Level 4.4 Poison Magic
 + Level 6.0 Invocations
 + Level 5.4 Evocations


You had 18 spell levels left.
You knew the following spells:

 Your Spells              Type           Power      Damage    Failure   Level
a - Blink                 Tloc           60%        N/A       3%          2

Your spell library contained the following spells:

 Spells                   Type           Power      Damage    Failure   Level
 Gell's Gravitas          Tloc           30%        N/A       6%          3
 Lesser Beckoning         Tloc           30%        N/A       6%          3
 Teleport Other           Tloc           30%        N/A       6%          3
 Manifold Assault         Tloc           30%        N/A       50%         5
 Blade Hands              Tmut           10%        N/A       86%         5
 Conjure Ball Lightning   Conj/Air       10%        3x3d6     100%        6
 Statue Form              Tmut/Erth      14%        N/A       100%        6

Inventory:

Hand Weapons
 a - a +0 spear (weapon)
Armour
 b - a +0 leather armour (worn)
 x - a +3 kite shield (worn)
 y - a +5 crystal plate armour
 z - +5 gold dragon scales
 A - a +3 tower shield
Jewellery
 d - a +6 ring of dexterity
 i - a +6 ring of intelligence
 s - a +6 ring of strength
 D - a +6 ring of dexterity
 I - a +6 ring of intelligence
 L - a ring of flight
 S - a +6 ring of strength
Wands
 v - a wand of mindburst (7)
Scrolls
 c - 5 scrolls of blinking
 o - 4 scrolls of amnesia
 p - 7 scrolls of fog
 q - 5 scrolls of identify {@r1}
 r - 2 scrolls of fear
Potions
 e - 10 potions of curing {@q1}
 f - 7 potions of heal wounds {@q2}
 g - 6 potions of haste {@q3}
 h - 7 potions of magic
 j - 2 potions of brilliance
 k - 2 potions of invisibility
 l - 4 potions of resistance
 n - 5 potions of might
 t - 3 potions of berserk rage {!q}
Miscellaneous
 m - a lightning rod (inert)

Dungeon Overview and Level Annotations

Branches:
Dungeon (1/1)

Altars:
Ashenzari
Cheibriados
Dithmenos
Elyvilon
Fedhas
Gozag
Hepliaklqana
Kikubaaqudgha
Makhleb
Nemelex Xobeh
Okawaru
Qazlal
Ru
Sif Muna
Trog
Uskayaw
Vehumet
Wu Jian
Xom
Yredelemnul
Zin
The Shining One
Jiyva
Lugonu

Annotations:
D 1 transporter █████████████

█.8©8.█.8©8.█
∆∆∆
█.[[).█.....█
∆
█.....█.}...█
█.....█..†..█
█@9...█.....█
█.9...█..©..█
█..©..███████


███████ ∆∆∆ ∆∆∆ ∆ ∆ ∆ You could see 2 toenail golems.


Message History

* * * LOW HITPOINT WARNING * * *
You hit the toenail golem.
You bite the toenail golem, but do no damage.
The toenail golem is almost destroyed.
The toenail golem hits you but does no damage.
The toenail golem hits you.
* * * LOW HITPOINT WARNING * * *
You hit the toenail golem.
The toenail golem is almost destroyed.
You block the toenail golem's attack. x2
You barely miss the toenail golem.
The toenail golem is almost destroyed.
You block the toenail golem's attack. The toenail golem barely misses you.
You hit the toenail golem but do no damage.
The toenail golem is almost destroyed.
The toenail golem closely misses you. You block the toenail golem's attack.
You hit the toenail golem but do no damage.
Your bite misses the toenail golem.
The toenail golem is almost destroyed.
You block the toenail golem's attack. The toenail golem hits you.
* * * LOW HITPOINT WARNING * * *
You hit the toenail golem but do no damage.
The toenail golem is almost destroyed.
The toenail golem hits you!
* * * LOW HITPOINT WARNING * * *
The toenail golem closely misses you.
You barely miss the toenail golem.
The toenail golem is almost destroyed.
You block the toenail golem's attack. The toenail golem hits you!
You die...

Skill      XL: |  1  2  3  4  5 |
---------------+----------------+-----
Fighting       | 5 6 7 |  7.2
Short Blades   | 2 3 5 |  5.4
Long Blades    | 2 3 5 |  5.4
Axes           | 2 3 5 |  5.4
Maces & Flails | 2 3 5 |  5.4
Polearms       | 5 6 7 |  7.2
Staves         | 2 3 5 |  5.4
Ranged Weapons | 2 3 5 |  5.4
Throwing       | 3 4 6 |  6.1
Armour         | 3 4 6 |  6.1
Dodging        | 5 6 7 |  7.2
Stealth        | 2 3 5 |  5.4
Shields        | 2 3 5 |  5.4
Unarmed Combat | 2 3 5 |  5.4
Spellcasting   | 5 6 7 |  7.4
Conjurations   | 2 3 4 |  4.4
Hexes          | 2 3 4 |  4.4
Summonings     | 2 3 4 |  4.4
Necromancy     | 2 3 4 |  4.4
Transmutations | 2 3 4 |  4.4
Fire Magic     | 2 3 4 |  4.4
Ice Magic      | 2 3 4 |  4.4
Air Magic      | 2 3 4 |  4.4
Earth Magic    | 2 3 4 |  4.4
Poison Magic   | 2 3 4 |  4.4
Invocations    | 2 3 4 6 |  6.0
Evocations     | 2 3 5 |  5.4
Translocations | 6 7 |  7.1

Action                   |  1- 3 |  4- 6 |  7- 9 || total
-------------------------+-------+-------+-------++-------
Melee: Spear             |       |     4 |    23 ||    27
       Bite              |       |     1 |     6 ||     7
Throw: Boomerang         |       |       |     7 ||     7
 Cast: Blink             |       |     2 |     1 ||     3
Evoke: Wand              |     1 |     6 |       ||     7
       Lightning rod     |     1 |     2 |     4 ||     7
  Use: Potion            |     1 |       |     3 ||     4
Armor: Leather armour    |       |     1 |     2 ||     3
Dodge: Dodged            |     1 |     2 |    13 ||    16
Block: Kite shield       |       |     3 |    23 ||    26

Levels and vault maps discovered:
D:        sprint_v [room_start, room_1, room_2, room_3, room_4, room_5, room_6,
          room_7, room_8, room_9, room_10, room_11, room_12, room_13, room_14,
          room_15, room_16, room_17, room_18, room_19, room_20, room_21,
          room_22, room_23, room_24, room_25, room_26, room_27]

Notes
Turn   | Place    | Note
-------+----------+-------------------------------------------
     0 | D        | xzight the Gnoll Warper began the quest for the Orb.
     0 | D        | Reached XP level 1. HP: 20/20 MP: 6/6
     0 | D        | Found a shimmering blue altar of Sif Muna.
     0 | D        | Found a sacrificial altar of Ru.
     0 | D        | Found a bloodstained altar of Trog.
     0 | D        | Found a stormy altar of Qazlal.
     0 | D        | Found an iron altar of Okawaru.
     0 | D        | Found a sparkling altar of Nemelex Xobeh.
     0 | D        | Found a blossoming altar of Fedhas.
     0 | D        | Found the +6 Majin-Bo {vamp, MP+6 Int+6}
     0 | D        | Found the +9 heavy crossbow "Sniper" {vorpal, Acc+∞ SInv}
     0 | D        | Found the +10 dark maul {vorpal}
     0 | D        | Found the +15 Maxwell's patent armour {-Cast -Tele rElec
                  | Will+ rCorr}
     0 | D        | Found the +18 shield of the Gong {rElec rN+ Will+ EV-5}
     0 | D        | Found the +14 obsidian axe {vorpal, Mesm Drain Fly SInv}
     0 | D        | Found the +7 great mace "Firestarter" {inner flame, rF++}
     0 | D        | Found the +6 shillelagh "Devastator" {shatter}
     0 | D        | Found the +11 plutonium sword {Contam Stlth-}
     0 | D        | Found the +8 lance "Wyrmbane" {slay drac, rPois rF+ rC+
                  | AC+3}
     0 | D        | Found the +9 sword of Zonguldrok {reap}
     0 | D        | Found the +13 scythe of Curses {drain, Drain}
     0 | D        | Found the +5 sword of Power {vorpal}
     0 | D        | Found the +7 mace of Variability {chain chaos}
     0 | D        | Found the +7 Singing Sword {vorpal, sonic wave}
     0 | D        | Found the +8 storm bow {elec, penet}
     2 | D        | Found a transporter.
     2 | D        | Found an ancient bone altar of Kikubaaqudgha.
     2 | D        | Found a viscous altar of Jiyva.
     2 | D        | Found a corrupted altar of Lugonu.
     2 | D        | Found a hazy altar of Hepliaklqana.
     2 | D        | Found a burning altar of Makhleb.
     2 | D        | Found an opulent altar of Gozag.
    46 | D        | Became a worshipper of Cheibriados the Contemplative
    59 | D        | Reached skill level 5 in Fighting
    59 | D        | Reached skill level 2 in Short Blades
    59 | D        | Reached skill level 2 in Long Blades
    59 | D        | Reached skill level 2 in Axes
    59 | D        | Reached skill level 2 in Maces & Flails
    59 | D        | Reached skill level 5 in Polearms
    59 | D        | Reached skill level 2 in Staves
    59 | D        | Reached skill level 2 in Ranged Weapons
    59 | D        | Reached skill level 3 in Throwing
    59 | D        | Reached skill level 3 in Armour
    59 | D        | Reached skill level 5 in Dodging
    59 | D        | Reached skill level 2 in Stealth
    59 | D        | Reached skill level 2 in Shields
    59 | D        | Reached skill level 2 in Unarmed Combat
    59 | D        | Reached skill level 5 in Spellcasting
    59 | D        | Reached skill level 2 in Conjurations
    59 | D        | Reached skill level 2 in Hexes
    59 | D        | Reached skill level 2 in Summonings
    59 | D        | Reached skill level 2 in Necromancy
    59 | D        | Reached skill level 2 in Transmutations
    59 | D        | Reached skill level 2 in Fire Magic
    59 | D        | Reached skill level 2 in Ice Magic
    59 | D        | Reached skill level 2 in Air Magic
    59 | D        | Reached skill level 2 in Earth Magic
    59 | D        | Reached skill level 2 in Poison Magic
    59 | D        | Reached skill level 2 in Invocations
    59 | D        | Reached skill level 2 in Evocations
    59 | D        | Reached XP level 2. HP: 27/27 MP: 6/8
    90 | D        | Entered arena 2.
    90 | D        | Noticed a scorpion
    90 | D        | Noticed a scorpion
    90 | D        | Found a transporter.
    92 | D        | Killed a scorpion
    93 | D        | Reached skill level 3 in Short Blades
    93 | D        | Reached skill level 3 in Long Blades
    93 | D        | Reached skill level 3 in Axes
    93 | D        | Reached skill level 3 in Maces & Flails
    93 | D        | Reached skill level 3 in Staves
    93 | D        | Reached skill level 3 in Ranged Weapons
    93 | D        | Reached skill level 4 in Throwing
    93 | D        | Reached skill level 4 in Armour
    93 | D        | Reached skill level 3 in Stealth
    93 | D        | Reached skill level 3 in Shields
    93 | D        | Reached skill level 3 in Unarmed Combat
    93 | D        | Reached skill level 6 in Spellcasting
    93 | D        | Reached skill level 6 in Translocations
    93 | D        | Reached skill level 3 in Invocations
    93 | D        | Reached skill level 3 in Evocations
    93 | D        | Reached XP level 3. HP: 34/34 MP: 8/10
    93 | D        | Reached XP level 4. HP: 40/40 MP: 9/12
    93 | D        | Killed a scorpion
    93 | D        | Reached * piety under Cheibriados
    94 | D        | Reached skill level 6 in Fighting
    94 | D        | Reached skill level 6 in Polearms
    94 | D        | Reached skill level 6 in Dodging
    94 | D        | Reached skill level 3 in Conjurations
    94 | D        | Reached skill level 3 in Hexes
    94 | D        | Reached skill level 3 in Summonings
    94 | D        | Reached skill level 3 in Necromancy
    94 | D        | Reached skill level 3 in Transmutations
    94 | D        | Reached skill level 3 in Fire Magic
    94 | D        | Reached skill level 3 in Ice Magic
    94 | D        | Reached skill level 3 in Air Magic
    94 | D        | Reached skill level 3 in Earth Magic
    94 | D        | Reached skill level 3 in Poison Magic
    94 | D        | Reached skill level 4 in Invocations
    94 | D        | Reached XP level 5. HP: 46/46 MP: 9/13
   123 | D        | Got the Writings on Variable Conduction
   130 | D        | Learned a level 2 spell: Blink
   131 | D        | Entered arena 3.
   131 | D        | Found the +8 arc blade {discharge, rElec}
   131 | D        | Noticed a toenail golem
   131 | D        | Noticed a toenail golem
   131 | D        | Noticed a toenail golem
   131 | D        | Found a transporter.
   145 | D        | Killed a toenail golem
   146 | D        | Reached skill level 7 in Fighting
   146 | D        | Reached skill level 5 in Short Blades
   146 | D        | Reached skill level 5 in Long Blades
   146 | D        | Reached skill level 5 in Axes
   146 | D        | Reached skill level 5 in Maces & Flails
   146 | D        | Reached skill level 7 in Polearms
   146 | D        | Reached skill level 5 in Staves
   146 | D        | Reached skill level 5 in Ranged Weapons
   146 | D        | Reached skill level 6 in Throwing
   146 | D        | Reached skill level 6 in Armour
   146 | D        | Reached skill level 7 in Dodging
   146 | D        | Reached skill level 5 in Stealth
   146 | D        | Reached skill level 5 in Shields
   146 | D        | Reached skill level 5 in Unarmed Combat
   146 | D        | Reached skill level 7 in Spellcasting
   146 | D        | Reached skill level 4 in Conjurations
   146 | D        | Reached skill level 4 in Hexes
   146 | D        | Reached skill level 4 in Summonings
   146 | D        | Reached skill level 4 in Necromancy
   146 | D        | Reached skill level 7 in Translocations
   146 | D        | Reached skill level 4 in Transmutations
   146 | D        | Reached skill level 4 in Fire Magic
   146 | D        | Reached skill level 4 in Ice Magic
   146 | D        | Reached skill level 4 in Air Magic
   146 | D        | Reached skill level 4 in Earth Magic
   146 | D        | Reached skill level 4 in Poison Magic
   146 | D        | Reached skill level 6 in Invocations
   146 | D        | Reached skill level 5 in Evocations
   146 | D        | Reached XP level 6. HP: 24/55 MP: 11/16
   146 | D        | Reached XP level 7. HP: 27/60 MP: 11/17
   155 | D        | HP: 6/60 [toenail golem (11)]
   157 | D        | HP: 1/60 [toenail golem (4)]
   182 | D        | HP: 2/60 [toenail golem (10)]
   183 | D        | Slain by a toenail golem

Vanquished Creatures
  A toenail golem (D)
  2 scorpions (D)
3 creatures vanquished.

Table legend: (Time is in decaauts)
 A = Elapsed time spent in this place.
 B = Non-inter-level travel time spent in this place.
 C = Inter-level travel time spent in this place.
 D = Time resting spent in this place.
 E = Time spent auto-exploring this place.
 F = Levels seen in this place.
 G = Mean time per level.
                   A        B        C        D        E       F      G
               +--------+--------+--------+--------+--------+-----+--------+
         Total |    190 |    190 |      0 |      0 |     57 |   1 |  190.0 |
       Dungeon |    190 |    190 |      0 |      0 |     57 |   1 |  190.0 |
               +--------+--------+--------+--------+--------+-----+--------+

Top non-repeatable levels by time:
       D: 190 daAuts

Table legend:
 A = Non-vault XP
 B = Vault XP
 C = Vault XP percentage of total XP
 D = Non-vault monster count
 E = Vault monster count
 F = Vault count percentage of total count
                 A         B        C        D         E       F
            +---------+---------+-------+---------+---------+-------
      Total |       0 |     624 | 100.0 |       0 |       3 | 100.0
            +---------+---------+-------+---------+---------+-------
          D |       0 |     624 | 100.0 |       0 |       3 | 100.0
            +---------+---------+-------+---------+---------+-------
